 Dungeon Crawl Stone Soup version 0.28-a0-413-gde365fb1df (webtiles) character file.

Game seed: 18127239997325007379

102 heikuro the Shield-Bearer (level 5, 0/42 HPs)
             Began as a Formicid Fighter on Sept 8, 2021.
             Was a Follower of Ashenzari.
             Slain by an orc priest (3 damage)
             ... on level 3 of the Dungeon.
             The game lasted 00:03:52 (2610 turns).

heikuro the Shield-Bearer (Formicid Fighter)        Turns: 2610, Time: 00:03:53

Health: 0/42       AC:  7    Str: 21    XL:     5   Next: 5%
Magic:  5/5        EV:  9    Int:  8    God:    Ashenzari [*.....]
Gold:   153        SH:  4    Dex: 10    Spells: 4/4 levels left

rFire   . . .      SeeInvis +   a - +0 long sword
rCold   . . .      Faith    .   c - +0 buckler "Share My Yoke" {Cun, Evo} (curse)
rNeg    . . .      Spirit   .   b - +0 scale mail of the Esoteric Sun {Elem, Melee} (curse)
rPois   .          Reflect  .   (helmet unavailable)
rElec   .          Harm     .   (no cloak)
rCorr   .          Rampage  .   (no gloves)
Will    .....                   (no boots)
Stlth   ..........              (no amulet)
HPRegen 0.14/turn               (no ring)
MPRegen 0.09/turn               (no ring)

@: mighty
A: permanent stasis, dig shafts and tunnels, antennae 3, four strong arms
a: Dig, Shaft Self, Renounce Religion, Shatter the Chains


You were on level 3 of the Dungeon.
You worshipped Ashenzari.
Ashenzari was aware of your devotion.
You visited 1 branch of the dungeon, and saw 3 of its levels.

You collected 153 gold pieces.

Inventory:

Hand Weapons
 a - a +0 long sword (weapon)
Missiles
 l - 3 curare-tipped darts (quivered)
Armour
 b - the cursed +0 scale mail of the Esoteric Sun (worn) {Elem, Melee}

   It has a curse which improves the following skills: Elements: Fire Magic, Ice
   Magic, Air Magic and Earth Magic.
   Melee Combat: Short Blades, Long Blades, Axes, Maces & Flails, Polearms,
   Staves and Unarmed Combat.
 c - the cursed +0 buckler "Share My Yoke" (worn) {Cun, Evo}

   It has a curse which improves the following skills: Cunning: Dodging and
   Stealth.
   Evocations: Evocations.
Jewellery
 g - an amulet of guardian spirit
 h - an amulet of faith
 n - a ring of wizardry
Scrolls
 e - a scroll of identify
 i - a scroll of amnesia
Potions
 f - 2 potions of haste
 j - a potion of flight
 k - a potion of ambrosia
 m - a potion of magic


   Skills:
 + Level 3.9 Fighting
 * Level 3.3(4.2) Long Blades
 + Level 3.9 Armour
 + Level 4.3 Shields


You had 4 spell levels left.
You didn't know any spells.
Your spell library contained the following spells:

 Spells                   Type           Power      Damage    Failure   Level
 Sublimation of Blood     Necr           0%         N/A       86%         2
 Petrify                  Tmut/Erth      0%         N/A       100%        4
 Irradiate                Conj/Tmut      0%         3d14      100%        5
 Manifold Assault         Tloc           0%         N/A       100%        5
 Storm Form               Tmut/Air       0%         N/A       100%        7
 Blink                    Tloc           Unusable   N/A       N/A         2

Dungeon Overview and Level Annotations

Branches:
Dungeon (3/15)

Altars:
Ashenzari

Shops:
D:3 [

Annotations:
D:3 Grinder


Innate Abilities, Weirdness & Mutations

You cannot be hasted, slowed, berserked, paralysed or teleported.
You can dig through walls and to a lower floor.
You have a pair of large antennae on your head. (SInv)
Your four strong arms can wield two-handed weapons with a shield.


Message History

Grinder blinks!
Ashenzari invites you to partake of a vision and a curse of elements and melee combat.
Your +0 scale mail glows black for a moment.
You barely miss the orc. The orc barely misses you.
Grinder says, "Just stop there for a second..."
The orc priest invokes the aid of Beogh against you.
Pain shoots through your body!
You hit the orc.
The orc is moderately wounded.
The orc barely misses you.
You closely miss the orc.
The orc is moderately wounded.
The orc barely misses you.
You slash the orc!
You kill the orc!
The orc hits you but does no damage.
The orc priest calls down the wrath of Beogh upon you.
Beogh smites you!
You have reached level 5!
You slash the orc!
You kill the orc!
The orc hits you but does no damage.
The orc priest invokes the aid of Beogh against you.
Beogh smites you!
You are too injured to fight recklessly!
You are too injured to fight recklessly!
You are too injured to fight recklessly!
You slice the orc!!
You kill the orc!
The orc priest calls down the wrath of Beogh upon you.
Beogh smites you!
* * * LOW HITPOINT WARNING * * *
You slash Grinder!
Grinder is moderately wounded.
Grinder hits you.
* * * LOW HITPOINT WARNING * * *
You closely miss Grinder.
Grinder is moderately wounded.
The orc priest hits you with a +0 club.
You die...

#########
##...#...#######..
##.........##....
#.............#
#..........5..##
#...........#..###
##.........##....#
##)o5#...##...#..#
###@######.#{.....#
#.# {.. {.##...#
#.# ..o ..# ... #.#
#... ..# ##> #.#
#... ..# ... #.#
#...


oo. ### #.# # #.# # #.# { ## # You could see Grinder and an orc priest.

Vanquished Creatures
  An orc wizard (D:3)
  Robin (D:3)
  A worm (D:2)
  A dart slug (D:3)
  5 orcs (D:3)
  2 bats
  4 endoplasms (D:1)
  2 giant cockroaches
  9 goblins
  6 hobgoblins
  5 kobolds
  3 quokkas
  3 ball pythons
  2 frilled lizards
  4 rats
49 creatures vanquished.

Notes
Turn   | Place    | Note
-------+----------+-------------------------------------------
     0 | D:1      | heikuro the Formicid Fighter began the quest for the Orb.
     0 | D:1      | Reached XP level 1. HP: 18/18 MP: 1/1
     3 | D:1      | Noticed an electric eel
     4 | D:1      | Noticed an electric eel
   507 | D:1      | Reached XP level 2. HP: 24/24 MP: 2/2
   825 | D:1      | Reached XP level 3. HP: 25/29 MP: 3/3
  1198 | D:2      | Reached skill level 4 in Shields
  1254 | D:2      | Found a faded altar of an unknown god.
  1260 | D:2      | Became a worshipper of Ashenzari the Shackled
  1963 | D:3      | Found Ilas's Antique Armour Shoppe.
  2027 | D:3      | Reached XP level 4. HP: 21/37 MP: 4/4
  2229 | D:3      | Noticed Robin
  2462 | D:3      | Killed Robin
  2587 | D:3      | Noticed Grinder
  2597 | D:3      | Reached * piety under Ashenzari
  2607 | D:3      | Reached XP level 5. HP: 28/42 MP: 5/5
  2610 | D:3      | Slain by an orc priest

Illustrated notes

Levels and vault maps discovered:
D:1:      arrival_aquarium_b, layout_basic
D:2:      layout_basic, hellmonk_ecumenical_altar_lost_god
D:3:      layout_rooms, serial_shops, nicolae_shop_stone, uniq_robin,
          uniq_grinder

Skill      XL: |  1  2  3 |
---------------+----------+-----
Shields        | 4 |  4.3
Long Blades    | 3 |  3.3
Fighting       | |  3.9
Armour         | |  3.9

Action                   |  1- 3 |  4- 6 || total
-------------------------+-------+-------++-------
Melee: Long sword        |    79 |    63 ||   142
Invok: Curse Item        |     1 |     1 ||     2
  Use: Potion            |       |     1 ||     1
Armor: Scale mail        |    32 |    21 ||    53
Dodge: Dodged            |    34 |    27 ||    61
Block: Buckler           |    14 |    16 ||    30

Table legend: (Time is in decaauts)
 A = Elapsed time spent in this place.
 B = Non-inter-level travel time spent in this place.
 C = Inter-level travel time spent in this place.
 D = Time resting spent in this place.
 E = Time spent auto-exploring this place.
 F = Levels seen in this place.
 G = Mean time per level.
                   A        B        C        D        E       F      G
               +--------+--------+--------+--------+--------+-----+--------+
         Total |   2652 |   2599 |     53 |    636 |   1457 |   3 |  884.0 |
       Dungeon |   2652 |   2599 |     53 |    636 |   1457 |   3 |  884.0 |
               +--------+--------+--------+--------+--------+-----+--------+

Top non-repeatable levels by time:
     D:2: 1102 daAuts
     D:1: 1028 daAuts
     D:3: 521 daAuts
